 Dungeon Crawl Stone Soup version 0.21-a0-225-g207ae17 (webtiles) character file.

1414 Leszczynek the Grappler (level 8, -16/79 HPs)
             Began as a Troll Skald on Aug 29, 2017.
             Was a Priest of Cheibriados.
             Demolished by a two-headed ogre
             ... wielding a +0 giant club
              (28 damage)
             ... on level 7 of the Dungeon.
             The game lasted 00:14:17 (2268 turns).

Leszczynek the Grappler (Troll Skald)               Turns: 2268, Time: 00:14:17

Health: -16/79     AC:  5    Str: 33    XL:     8   Next: 43%
Magic:  13/17      EV: 11    Int: 17    God:    Cheibriados [***...]
Gold:   31         SH:  0    Dex: 19    Spells: 3/9 levels left

rFire    . . .     SeeInvis .     - Unarmed
rCold    . . .     Gourm    +   (no shield)
rNeg     . . .     Faith    .   a - +0 robe
rPois    .         Spirit   .   (helmet restricted)
rElec    .         Reflect  .   (no cloak)
rCorr    .         Harm     .   (gloves unavailable)
MR       .....                  (boots unavailable)
Stlth    ++........             (no amulet)
HPRegen  0.63/turn              y - ring of magical power
MPRegen  0.15/turn              (no ring)

@: mighty, very slightly contaminated, very slow
A: unfitting armour, claws 3, fast metabolism 3, gourmand, regeneration 1,
shaggy fur 1, tough skin 2
a: Bend Time, Temporal Distortion, Renounce Religion


You were on level 7 of the Dungeon.
You worshipped Cheibriados.
Cheibriados was most pleased with you.
You were full.

You visited 1 branch of the dungeon, and saw 7 of its levels.

You collected 320 gold pieces.
You spent 289 gold pieces at shops.

Inventory:

Hand Weapons
 b - a +2 hand crossbow of flaming
Missiles
 h - 31 bolts
 i - 8 tomahawks (quivered)
 u - 5 needles of confusion
 B - 4 large rocks
Armour
 a - a +0 robe (worn)
Jewellery
 y - a ring of magical power (left claw)
Scrolls
 c - a scroll of fear
 e - a scroll of identify {@r1}
 g - 2 scrolls of amnesia {unknown}
 m - 3 scrolls of remove curse {unknown}
 n - a scroll of immolation {unknown}
 p - 4 scrolls of teleportation
 v - 2 scrolls of summoning {unknown}
Potions
 f - 3 potions of brilliance
 k - a potion of flight
 o - a potion of might
 r - a potion of lignification {unknown}
 w - a potion of cancellation {unknown}
 x - a potion of curing {unknown}
 A - a potion of degeneration {unknown}
Books
 l - a book of Frost

   Spells                             Type                      Level
   a - Freeze                         Ice                          1
   b - Throw Frost                    Conjuration/Ice              2
   c - Ozocubu's Armour               Charms/Ice                   3
   d - Throw Icicle                   Conjuration/Ice              4
   e - Summon Ice Beast               Ice/Summoning                4
 z - a book of Battle

   Spells                             Type                      Level
   a - Infusion                       Charms                       1
   b - Shroud of Golubria             Charms/Translocation         2
   c - Song of Slaying                Charms                       2
   d - Spectral Weapon                Hexes/Charms                 3
   e - Regeneration                   Charms/Necromancy            3
Comestibles
 d - 4 bread rations
 j - 6 fruits
 s - 3 meat rations
 t - a royal jelly


   Skills:
 * Level 4.6 Fighting
 + Level 2.8 Dodging
 - Level 8.4 Unarmed Combat
 - Level 1.2 Spellcasting
 - Level 2.0 Charms
 + Level 2.0 Invocations


You had 3 spell levels left.
You knew the following spells:

 Your Spells              Type           Power        Failure   Level  Hunger
a - Infusion              Chrm           #...         10%         1    ##.....
b - Shroud of Golubria    Chrm/Tloc      #.........   22%         2    ###....
c - Ozocubu's Armour      Chrm/Ice       #.......     38%         3    ####...


Dungeon Overview and Level Annotations

Branches:
Dungeon (7/15)             Temple (0/1) D:7

Altars:
Cheibriados
Gozag

Shops:
D:4 (   D:7 *

Annotations:
D:7 Edmund


Innate Abilities, Weirdness & Mutations

You are too large for most types of armour.
You have claws for hands.
Your metabolism is lightning-fast.
You like to eat raw meat.
Your natural rate of healing is unusually fast.
You are covered in fur. (AC +1)
You have very tough skin. (AC +2)


Message History

There is an open door, spattered with blood here.
You see here an arrow.
Unknown command.
You feel much better.
You feel very mighty all of a sudden. The two-headed ogre barely misses you.
The two-headed ogre closely misses you.
You mangle the two-headed ogre!!
The two-headed ogre is heavily wounded.
The two-headed ogre barely misses you. The two-headed ogre misses you.
You mangle the two-headed ogre!!
The two-headed ogre is almost dead.
The two-headed ogre hits you with a giant club!
The two-headed ogre hits you with a giant club!!
* * * LOW HITPOINT WARNING * * *
You closely miss the two-headed ogre.
The two-headed ogre is almost dead.
You closely miss the two-headed ogre.
The two-headed ogre is almost dead.
The two-headed ogre hits you with a giant club!!
You die...

#.# ..# #.# #.# #####
...... #####.# #...#
@..... #.....# #...#
...... #.....# #...#
.....O
#.....####...########
......
#....cO@.'..('..)....
......
#.....####...########
......####.....####...###
......c..(.....'..+...'>#
......##.......####...#.#
###########....#
#...#+##..
..>.......#....#
#..........
.........ยง#..c.#
#.##.......
..........#....# #.#
.......


You could see a two-headed ogre and a centaur.

Vanquished Creatures
  Menkaure (D:5)
  An ice beast (D:7)
  2 phantoms
  An ogre (D:5)
  A centaur (D:5)
  A bullfrog (D:6)
  5 scorpions
  A water moccasin skeleton (D:6)
  A bullfrog zombie (D:6)
  A bullfrog skeleton (D:7)
  A centaur skeleton (D:4)
  An orc priest (D:4)
  3 hounds
  An orc wizard (D:4)
  Terence (D:3)
  Jessica (D:3)
  2 worker ants
  A hound zombie (D:6)
  A howler monkey skeleton (D:6)
  3 adders
  3 gnolls (D:5)
  A shadow imp (D:5)
  An ooze (D:3)
  An adder skeleton (D:6)
  A worm (D:2)
  4 leopard geckos
  12 orcs
  3 giant cockroaches
  A hobgoblin (D:1)
  11 jackals
  6 kobolds
  2 quokkas (D:4)
  A ball python (D:2)
  A bat (D:3)
  3 frilled lizards
  A giant cockroach zombie (D:5)
  3 goblins
  A jackal zombie (D:5)
  A leopard gecko skeleton (D:7)
  A quokka skeleton (D:4)
  A rat (D:2)
89 creatures vanquished.

Vanquished Creatures (others)
  A quokka (D:7)
1 creature vanquished.

Grand Total: 90 creatures vanquished

Notes
Turn   | Place    | Note
-------+----------+-------------------------------------------
     0 | D:1      | Leszczynek the Troll Skald began the quest for the Orb.
     0 | D:1      | Reached XP level 1. HP: 19/19 MP: 1/1
    49 | D:1      | hmmmmmmmmmmmmmmmm
    84 | D:1      | Reached XP level 2. HP: 17/27 MP: 2/2
   108 | D:1      | Learned a level 2 spell: Shroud of Golubria
   116 | D:1      | Reached skill level 3 in Unarmed Combat
   218 | D:2      | Found a faded altar of an unknown god.
   220 | D:2      | Became a worshipper of Cheibriados the Contemplative
   220 | D:2      | Reached * piety under Cheibriados
   221 | D:2      | >>>>
   261 | D:2      | Reached XP level 3. HP: 25/33 MP: 1/3
   386 | D:3      | Noticed Terence
   393 | D:3      | Killed Terence
   393 | D:3      | Reached skill level 4 in Unarmed Combat
   393 | D:3      | Reached XP level 4. HP: 40/41 MP: 1/4
   434 | D:3      | Reached skill level 5 in Unarmed Combat
   554 | D:3      | Noticed Jessica
   574 | D:3      | Killed Jessica
   574 | D:3      | Reached XP level 5. HP: 36/48 MP: 3/5
   625 | D:3      | Reached ** piety under Cheibriados
   664 | D:4      | Found Luudwoq's Antique Weapon Emporium.
   748 | D:4      | Reached skill level 6 in Unarmed Combat
   861 | D:4      | Reached XP level 6. HP: 29/55 MP: 4/6
   912 | D:4      | Found an opulent altar of Gozag.
   929 | D:4      | You fall through a shaft!
   929 | D:5      | Entered Level 5 of the Dungeon
   944 | D:5      | Noticed Edmund
   988 | D:5      | Reached skill level 7 in Unarmed Combat
  1171 | D:5      | Noticed Menkaure
  1182 | D:5      | Killed Menkaure
  1182 | D:5      | Reached skill level 2 in Fighting
  1182 | D:5      | Reached XP level 7. HP: 58/65 MP: 4/7
  1243 | D:5      | Reached skill level 8 in Unarmed Combat
  1352 | D:5      | Reached skill level 3 in Fighting
  1367 | D:5      | Reached *** piety under Cheibriados
  1381 | D:5      | HP: 11/67 [centaur/arrow (13)]
  1469 | D:6      | Reached skill level 2 in Dodging
  1590 | D:7      | Reached XP level 8. HP: 78/78 MP: 8/8
  1605 | D:7      | Learned a level 3 spell: Ozocubu's Armour
  1706 | D:4      | Bought a glowing hand crossbow for 162 gold pieces
  1749 | D:4      | Reached skill level 1 in Invocations
  1831 | D:5      | Reached skill level 4 in Fighting
  1956 | D:7      | Found a staircase to the Ecumenical Temple.
  2029 | D:7      | Found Seph's Assorted Antiques.
  2037 | D:7      | Bought a red potion for 23 gold pieces
  2037 | D:7      | Bought 3 scrolls labeled CAPPUU PAUGH for 78 gold pieces
  2037 | D:7      | Bought a scroll labeled GOIGA UPNEOS for 26 gold pieces
  2185 | D:7      | Reached skill level 2 in Invocations
  2231 | D:7      | Noticed a two-headed ogre
  2261 | D:7      | HP: 15/79 [centaur/arrow (1)]
  2266 | D:7      | HP: 10/79 [two-headed ogre/giant club (24)]
  2268 | D:7      | Demolished by a two-headed ogre

Vault maps used:
D:1:      erik_arrival_cave_to_civilisation
D:2:      chequers_ecumenical_altar_twisty
D:3:      first_bread, led_sif_pool, uniq_terence, uniq_jessica
D:4:      lemuel_coloured_pillars_altar, nicolae_gozag_seed_capital,
          serial_shops, nicolae_shop_overgrown_old_shop
D:5:      uniq_edmund, uniq_menkaure
D:6:      grunt_temple_overflow_open
D:7:      lemuel_temple_firewalk_a, serial_shops, shop

Skill      XL: |  1  2  3  4  5  6  7  8 |
---------------+-------------------------+-----
Unarmed Combat | 3 4 5 6 7 8 |  8.4
Fighting       | 2 3 4 |  4.6
Dodging        | 2 |  2.8
Invocations    | 2 |  2.0
Spellcasting   | |  1.2
Charms         | |  2.0

Action                   |  1- 3 |  4- 6 |  7- 9 || total
-------------------------+-------+-------+-------++-------
Melee: Unarmed           |    74 |   131 |    80 ||   285
       Punch             |       |     6 |     4 ||    10
 Cast: Shroud of Golubri |     1 |     5 |     2 ||     8
Invok: Bend Time         |       |       |     1 ||     1
  Use: Scroll            |       |     2 |     8 ||    10
       Potion            |       |       |     3 ||     3
 Stab: Sleeping          |       |       |     2 ||     2
  Eat: Chunk             |     8 |     3 |     7 ||    18
Armor: Robe              |    21 |    19 |    15 ||    55
Dodge: Dodged            |    44 |    51 |    38 ||   133

Table legend:
 A = Spawn XP
 B = Non-spawn XP
 C = Spawn XP percentage of total XP
 D = Spawn monster count
 E = Non-spawn monster count
 F = Spawn count percentage of total count
 G = Total turns spent on level
                    A         B        C        D         E        F      G
               +---------+---------+-------+---------+---------+-------+---------
         Total |     219 |    1801 |  10.8 |       5 |      84 |   5.6 |  2268
               +---------+---------+-------+---------+---------+-------+---------
           D:1 |       0 |      23 |   0.0 |       0 |      14 |   0.0 |   167
           D:2 |       0 |      30 |   0.0 |       0 |      10 |   0.0 |   193
           D:3 |       2 |     190 |   1.0 |       1 |      15 |   6.2 |   308
           D:4 |      74 |     207 |  26.3 |       1 |      19 |   5.0 |   386
           D:5 |     109 |     718 |  13.2 |       2 |      14 |  12.5 |   489
           D:6 |       0 |     296 |   0.0 |       0 |       7 |   0.0 |   425
           D:7 |      34 |     337 |   9.2 |       1 |       5 |  16.7 |   300
               +---------+---------+-------+---------+---------+-------+---------
